 Dungeon Crawl Stone Soup version 0.19.0-20-gbc5f0c6 (webtiles) character file.

229 Aksej the Skirmisher (level 5, 0/42 HPs)
             Began as a Demonspawn Fighter on Nov 17, 2016.
             Succumbed to a gnoll's poison
             ... on level 3 of the Dungeon.
             The game lasted 00:07:19 (2511 turns).

Aksej the Skirmisher (Demonspawn Fighter)           Turns: 2511, Time: 00:07:20

Health: 0/42       AC:  9    Str: 23    XL:     5   Next: 71%
Magic:  5/5        EV: 13    Int:  9    God:
Gold:   78         SH:  0    Dex: 12    Spells: 0 memorised, 4 levels left

rFire  . . .     SeeInvis .     a - +1 long sword
rCold  + . .     Gourm    .     b - +0 scale mail
rNeg   . . .     Faith    .     (no shield)
rPois  .         Spirit   .     (no helmet)
rElec  .         Reflect  .     (no cloak)
rCorr  .         Harm     .     (no gloves)
MR     .....                    (no boots)
Stlth  ..........               (no amulet)
                                (no ring)
                                k - +3 ring of evasion

@: mighty, lethally poisoned (0 -> -6)
A: talons 1, iridescent scales 1, cold resistance 1
a: no special abilities


You were on level 3 of the Dungeon.
You were not hungry.

You visited 1 branch of the dungeon, and saw 3 of its levels.

You collected 78 gold pieces.

Inventory:

Hand Weapons
 a - a +1 long sword (weapon)
Armour
 b - a +0 scale mail (worn)
Jewellery
 k - a +3 ring of evasion (left hand)
Wands
 c - a wand of paralysis (5/24)
 j - a wand of teleportation (3/9)
Potions
 d - a potion of might
 e - 2 potions of cancellation
Comestibles
 f - a bread ration
 g - 10 chunks of flesh
 h - a beef jerky


   Skills:
 + Level 4.0 Fighting
 * Level 4.0 Long Blades
 + Level 3.7 Armour
 + Level 0.8 Dodging
   Level 2.6 Shields


You had 4 spell levels left.
You didn't know any spells.

Dungeon Overview and Level Annotations

Branches:
Dungeon (3/15)

Altars:
Okawaru
Ru


Innate Abilities, Weirdness & Mutations

You have sharp toenails.
You are partially covered in iridescent scales. (AC +2)
Your flesh is cold resistant. (rC+)


Message History

The gnoll hits you from afar with a halberd.
Unknown command.
You feel sick. The gnoll hits you with a halberd!
Things that are here:
a halberd of venom; 12 gold pieces Unknown command.
You closely miss the gnoll.
You feel sick. The gnoll closely misses you.
You hit the gnoll.
The gnoll is moderately wounded.
You feel sick. The gnoll hits you with a halberd!
* * * LOW HITPOINT WARNING * * *
You closely miss the gnoll. Your kick misses the gnoll.
The gnoll is moderately wounded.
* * * LOW HITPOINT WARNING * * *
You feel sick. The gnoll hits you with a halberd.
* * * LOW HITPOINT WARNING * * *
You slash the gnoll!
You kill the gnoll!
Your Long Blades skill increases to level 4!
You die...

####. #.... ##.#.
##########.#.
#..........#.
#..........#.
#..........#.
#.##########..........##
....gK)@...>............
#.##.######...........##
#...........#
#...........#
#...........#
#..........##
#........<.#
#.####......#
#....+......+


You could see a gnoll and a kobold.

Vanquished Creatures
  Natasha (twice) (D:2)
  Ijyb (D:1)
  Terence (D:2)
  2 gnolls (D:3)
  5 adders
  An ooze (D:1)
  A worm (D:3)
  A dart slug (D:2)
  A leopard gecko (D:2)
  A ball python (D:2)
  9 bats
  4 giant cockroaches
  7 hobgoblins
  A kobold (D:2)
  A quokka (D:2)
  4 frilled lizards
  9 goblins
  8 rats
59 creatures vanquished.

Notes
Turn   | Place    | Note
-------+----------+-------------------------------------------
     0 | D:1      | Aksej the Demonspawn Fighter began the quest for the Orb.
     0 | D:1      | Reached XP level 1. HP: 18/18 MP: 1/1
   184 | D:1      | Gained mutation: You have sharp toenails. [demonic ancestry]
   184 | D:1      | Reached XP level 2. HP: 16/24 MP: 2/2
   729 | D:1      | Reached XP level 3. HP: 25/29 MP: 3/3
  1054 | D:2      | Noticed Ijyb
  1062 | D:1      | Paralysed by Ijyb for 7 turns
  1071 | D:1      | Killed Ijyb
  1103 | D:2      | Noticed Natasha
  1175 | D:2      | Gained mutation: Your flesh is cold resistant. (rC+) [demonic ancestry]
  1175 | D:2      | Reached XP level 4. HP: 33/37 MP: 4/4
  1644 | D:2      | Killed Natasha
  1966 | D:2      | Noticed Terence
  1977 | D:2      | Killed Terence
  1977 | D:2      | Gained mutation: You are partially covered in iridescent scales. (AC +2) [demonic ancestry]
  1977 | D:2      | Reached XP level 5. HP: 37/42 MP: 5/5
  2075 | D:2      | Noticed Natasha
  2078 | D:2      | Killed Natasha
  2089 | D:2      | Found an iron altar of Okawaru.
  2355 | D:3      | Found a sacrificial altar of Ru.
  2510 | D:3      | HP: 1/42 [gnoll/halberd (4)]
  2511 | D:3      | Succumbed to a gnoll's poison

Skill      XL: |  1  2  3  4  5 |
---------------+----------------+-----
Long Blades    | 2 3 4 |  4.0
Armour         | 3 |  3.7
Fighting       | 4 |  4.0
Dodging        | |  0.8
Shields        | |  2.6

Action                   |  1- 3 |  4- 6 || total
-------------------------+-------+-------++-------
Melee: Long sword        |    81 |   107 ||   188
       Kick              |    16 |    33 ||    49
  Use: Scroll            |     3 |     2 ||     5
       Potion            |       |     3 ||     3
  Eat: Chunk             |     1 |     4 ||     5
Armor: Scale mail        |    43 |    45 ||    88
Dodge: Dodged            |    45 |    59 ||   104
       Rpst.: Long sword |    17 |    14 ||    31
